 Dungeon Crawl Stone Soup version 0.25-a0-479-g8579842 (webtiles) character file.

Game seed: 3722734467218922046, levelgen mode: deterministic

12070 15 the Grappler (level 11, -2/110 HPs)
             Began as a White Draconian Transmuter on Feb 9, 2020.
             Was a Priest of Qazlal.
             Slain by a manticore (8 damage)
             ... on level 11 of the Dungeon.
             The game lasted 00:43:42 (10457 turns).

15 the Grappler (White Draconian Transmuter)       Turns: 10457, Time: 00:43:43

Health: -2/110     AC:  6    Str: 14    XL:     11   Next: 57%
Magic:  13/20      EV: 13    Int: 14    God:    Qazlal [***...]
Gold:   446        SH:  4    Dex: 13    Spells: 3/22 levels left

rFire    . . .     SeeInvis .     - Unarmed
rCold    + + +     Gourm    .   (shield currently unavailable)
rNeg     . . .     Faith    .   (armour unavailable)
rPois    +         Spirit   .   (helmet currently unavailable)
rElec    .         Reflect  .   (cloak currently unavailable)
rCorr    .         Harm     .   (gloves currently unavailable)
MR       .....                  (boots currently unavailable)
Stlth    ++........             v - amulet of the acrobat
HPRegen  0.28/turn              k - ring of protection from fire
MPRegen  0.17/turn              e - ring of poison resistance

@: ice-form
A: large, (breathe frost), unfitting armour, AC +7
a: End Transformation, Upheaval, Elemental Force, Renounce Religion


You were on level 11 of the Dungeon.
You worshipped Qazlal.
Qazlal was most pleased with you.
You were not hungry.
You were a creature of crystalline ice.
You visited 2 branches of the dungeon, and saw 12 of its levels.

You collected 660 gold pieces.
You spent 214 gold pieces at shops.

Inventory:

Hand Weapons
 D - a +2 vampiric long sword
Missiles
 a - 158 arrows
Armour
 f - a +1 pair of boots (melded)
 n - a +0 cloak
 y - a +2 pair of gloves
 A - a scarf of cloud immunity (melded)
 C - the +0 pair of fencer's gloves (melded) {Riposte Dex+3}
   (You found it on level 8 of the Dungeon)

   It affects your dexterity (+3).
   If you remove this armour, your AC will rise 0 points (6 -> 6)
Jewellery
 e - a ring of poison resistance (right front paw)
 k - a ring of protection from fire (left front paw)
 s - an uncursed ring of flight
 v - an amulet of the acrobat (around neck)
 F - a +2 ring of protection
 H - a +2 ring of dexterity
Wands
 p - a wand of flame (16)
 z - a wand of polymorph (8)
Scrolls
 d - 2 scrolls of remove curse
 h - 2 scrolls of amnesia
 j - 3 scrolls of teleportation
 l - 4 scrolls of enchant weapon {unknown}
 o - 3 scrolls of enchant armour
 t - a scroll of magic mapping {unknown}
 u - a scroll of silence
 x - a scroll of fog {unknown}
 B - a scroll of immolation {unknown}
Potions
 b - a potion of mutation
 g - 2 potions of brilliance
 i - 5 potions of curing
 m - a potion of haste
 w - 3 potions of flight
 E - a potion of might {unknown}
 G - a potion of cancellation {unknown}
Comestibles
 c - 25 rations
 q - 7 chunks of flesh


   Skills:
 * Level 7.1 Fighting
 * Level 4.7 Long Blades
 * Level 7.2 Dodging
 + Level 2.6 Stealth
 + Level 9.8 Unarmed Combat
 * Level 6.3 Spellcasting
 * Level 1.9 Conjurations
 - Level 6.3 Transmutations
 * Level 6.7 Ice Magic
 + Level 0.7 Poison Magic
 * Level 1.9 Invocations
 * Level 2.0 Evocations


You had 3 spell levels left.
You knew the following spells:

 Your Spells              Type           Power        Failure   Level  Hunger
a - Beastly Appendage     Tmut           ###...       1%          1    None
b - Sticks to Snakes      Tmut           ###.....     1%          2    #......
c - Spider Form           Tmut/Pois      ##........   11%         3    ###....
d - Ice Form              Ice/Tmut       ###.....     11%         4    ####...
e - Blade Hands           Tmut           ###.......   30%         5    ######.
f - Iskenderun's Mystic   Conj/Tloc      #.......     71%         4    ####...

Your spell library contained the following spells:

 Spells                   Type           Power        Failure   Level  Hunger
 Magic Dart               Conj           #...         7%          1    None
 Searing Ray              Conj           #.....       11%         2    #......
 Dazzling Flash           Conj/Hex       #.....       30%         3    ###....
 Fulminant Prism          Conj/Hex       #.........   71%         4    ####...


Dungeon Overview and Level Annotations

Branches:
Dungeon (11/15)            Temple (1/1) D:4            Lair (0/6) D:11
    Orc (0/2) D:9

Altars:
Ashenzari
Cheibriados
Dithmenos
Elyvilon
Fedhas
Gozag
Hepliaklqana
Kikubaaqudgha
Makhleb
Nemelex Xobeh
Okawaru
Qazlal
Ru
Sif Muna
Trog
Uskayaw
Vehumet
Wu Jian
Xom
Yredelemnul
Zin
The Shining One

Shops:
D:7 [   D:9 (   D:11 =

Annotations:
D:9 2 runed translucent doors


Innate Abilities, Weirdness & Mutations

((You can breathe waves of freezing cold.))
((You can buffet flying creatures when you breathe cold.))
((Your icy white scales are hard. (AC +7)))
You cannot fit into any form of body armour.
((Your flesh is cold resistant. (rC+)))
((You are cold-blooded and may be slowed by cold attacks.))


Message History

The manticore completely misses you. The manticore closely misses you.
You hit the manticore. You freeze the manticore.
The manticore is lightly wounded.
Something hits you.
You punch the manticore! You freeze the manticore.
The manticore is heavily wounded.
Something hits you but does no damage. Something hits you.
The manticore bites you!!
* * * LOW HITPOINT WARNING * * *
The manticore claws you.
* * * LOW HITPOINT WARNING * * *
The manticore barely misses you. Something hits you but does no damage.
You punch the manticore! You freeze the manticore.
The manticore is almost dead.
Something hits you.
* * * LOW HITPOINT WARNING * * *
The manticore bites you!
* * * LOW HITPOINT WARNING * * *
The manticore claws you!
You die...

##.............. #
###..####.#######..#
...∩.#........###..##
...............(....#
.####.........##..#.#
## ##^.......# #...#
.#####........###...#
....##........##...°##
###<##.........HY○...#
#.##.).......#§##..#
#.##[..........##..#
#.())...........#...#
####.....#.#.##.#....#
#####........##.#...
##........#..##..
#.........#. ....
######## #.......#. .#
.>.


You could see a manticore.

Vanquished Creatures
  2 hydras
  The ghost of avis the Cleaver, a novice HOMo of Beogh (D:9)
  A centaur warrior (D:9)
  2 two-headed ogres (D:11)
  2 unseen horrors
  A kobold demonologist (D:10)
  A troll (D:10)
  A hornet (D:11)
  2 hippogriffs
  5 yaks (D:10)
  A wyvern (D:8)
  A water moccasin (D:10)
  2 soldier ants (D:9)
  Duvessa (D:5)
  2 orc warriors
  3 ice beasts
  3 sky beasts
  2 black bears
  A necrophage (D:10)
  3 eyes of draining
  2 centaurs (D:10)
  3 phantoms
  3 ogres
  6 bullfrogs
  Dowan (D:5)
  A wyvern skeleton (D:9)
  6 scorpions
  5 wights (D:9)
  7 howler monkeys
  7 crimson imps
  3 jellies
  A hound (D:5)
  7 orc wizards
  A bullfrog skeleton (D:8)
  5 orc priests
  2 centaur skeletons (D:10)
  An iron imp (D:6)
  5 iguanas
  6 worker ants
  A killer bee zombie (D:7)
  A hound zombie (D:11)
  2 hound skeletons
  A howler monkey zombie (D:5)
  3 worker ant zombies
  15 adders
  4 gnolls (D:3)
  3 shadow imps
  2 oozes
  5 adder skeletons
  An adder zombie (D:8)
  3 worms
  2 dart slugs
  5 leopard geckos
  38 orcs
  9 ball pythons
  9 bats
  6 giant cockroaches
  8 goblins
  7 hobgoblins
  15 jackals
  5 quokkas
  6 frilled lizards
  A jackal skeleton (D:7)
  7 kobolds
  A leopard gecko skeleton (D:4)
  A leopard gecko zombie (D:6)
  15 rats
285 creatures vanquished.

Vanquished Creatures (collateral kills)
  A phantom (D:10)
1 creature vanquished.

Vanquished Creatures (others)
  An orc wizard (D:5)
  A quokka (D:4)
2 creatures vanquished.

Grand Total: 288 creatures vanquished

Notes
Turn   | Place    | Note
-------+----------+-------------------------------------------
     0 | D:1      | 15 the Draconian Transmuter began the quest for the Orb.
     0 | D:1      | Reached XP level 1. HP: 16/16 MP: 3/3
   262 | D:1      | Reached XP level 2. HP: 23/23 MP: 3/5
   725 | D:2      | Found an iron altar of Okawaru.
   759 | D:2      | Reached XP level 3. HP: 22/28 MP: 4/6
  1097 | D:2      | Learned a level 2 spell: Sticks to Snakes
  1104 | D:2      | Learned a level 3 spell: Spider Form
  1203 | D:2      | Reached XP level 4. HP: 32/36 MP: 5/7
  2088 | D:3      | Reached XP level 5. HP: 42/42 MP: 5/8
  2092 | D:3      | Reached skill level 1 in Stealth
  2092 | D:3      | Reached skill level 4 in Unarmed Combat
  2308 | D:3      | Found a faded altar of an unknown god.
  2683 | D:3      | Found a shadowy altar of Dithmenos.
  2815 | D:4      | Noticed an ogre
  2874 | D:4      | Reached XP level 6. HP: 33/51 MP: 8/10
  3235 | D:4      | Your scales start taking on an icy white colour.
  3235 | D:4      | Reached XP level 7. HP: 54/57 MP: 9/12
  3235 | D:4      | Gained mutation: Your flesh is cold resistant. (rC+) [White
                  | Draconian growth]
  3241 | D:4      | Found a staircase to the Ecumenical Temple.
  3250 | Temple   | Entered the Ecumenical Temple
  3506 | D:4      | Found a white marble altar of Elyvilon.
  3773 | D:5      | Entered Level 5 of the Dungeon
  3783 | D:5      | Reached skill level 5 in Unarmed Combat
  4004 | D:5      | Noticed Duvessa
  4004 | D:5      | Noticed Dowan
  4025 | D:5      | Killed Duvessa
  4028 | D:5      | Killed Dowan
  4164 | D:5      | Learned a level 4 spell: Ice Form
  4294 | D:6      | Found an opulent altar of Gozag.
  4546 | D:6      | Reached skill level 1 in Ice Magic
  4546 | D:6      | Reached XP level 8. HP: 66/66 MP: 9/13
  4641 | D:6      | Found a burning altar of Makhleb.
  4682 | D:6      | Found a snail-covered altar of Cheibriados.
  4766 | D:6      | Reached skill level 6 in Unarmed Combat
  4908 | D:6      | Noticed a hippogriff
  4923 | D:6      | Killed a hippogriff
  5196 | D:7      | Learned a level 5 spell: Blade Hands
  5351 | D:7      | Found Uczitiuf's Armour Shoppe.
  5365 | D:7      | Bought a +2 pair of gloves for 214 gold pieces
  5430 | D:7      | Noticed a hippogriff
  5441 | D:7      | Killed a hippogriff
  5441 | D:7      | Reached skill level 5 in Dodging
  5441 | D:7      | Reached XP level 9. HP: 66/73 MP: 10/15
  5453 | D:7      | Reached skill level 5 in Fighting
  5707 | D:8      | Found a stormy altar of Qazlal.
  5732 | D:8      | Reached skill level 7 in Unarmed Combat
  5759 | D:8      | Reached skill level 5 in Transmutations
  5784 | D:8      | Became a worshipper of Qazlal Stormbringer
  5800 | D:8      | Found the +0 pair of fencer's gloves {Riposte Dex+3}
  6483 | D:8      | Found a shimmering altar of Xom.
  6686 | D:9      | Reached skill level 1 in Long Blades
  6764 | D:9      | Reached * piety under Qazlal
  6764 | D:9      | Reached skill level 5 in Spellcasting
  6993 | D:9      | Found a large runed translucent door.
  6993 | D:9      | Found a large runed translucent door.
  7032 | D:9      | Noticed a centaur warrior
  7033 | D:9      | Found a large runed translucent door.
  7033 | D:9      | Found a large runed translucent door.
  7048 | D:9      | Killed a centaur warrior
  7048 | D:9      | Reached skill level 8 in Unarmed Combat
  7048 | D:9      | Reached skill level 5 in Ice Magic
  7048 | D:9      | Reached XP level 10. HP: 34/83 MP: 17/17
  7058 | D:9      | Killed an unseen horror
  7291 | D:9      | Found a staircase to the Orcish Mines.
  7292 | D:9      | Found Laism's Weapon Shoppe.
  7384 | D:9      | Found a blossoming altar of Fedhas.
  7406 | D:9      | Noticed avis's ghost (novice HOMo)
  7950 | D:9      | Killed avis's ghost
  7988 | D:9      | Noticed a flayed ghost
  7996 | D:9      | Noticed a fire dragon
  8013 | D:10     | Entered Level 10 of the Dungeon
  8100 | D:10     | Reached ** piety under Qazlal
  8298 | D:10     | Reached skill level 9 in Unarmed Combat
  8606 | D:10     | Noticed a five-headed hydra
  8708 | D:10     | Reached XP level 11. HP: 30/91 MP: 11/19
  8734 | D:10     | Learned a level 4 spell: Iskenderun's Mystic Blast
  9150 | D:10     | Killed a five-headed hydra
  9690 | D:11     | Noticed a four-headed hydra
  9691 | D:11     | Found Uhify's Jewellery Emporium.
  9694 | D:11     | Killed an unseen horror
  9694 | D:11     | Reached skill level 1 in Conjurations
  9694 | D:11     | Reached skill level 1 in Invocations
  9699 | D:11     | Killed a four-headed hydra
  9699 | D:11     | Reached skill level 1 in Evocations
  9700 | D:11     | Noticed a two-headed ogre
  9718 | D:11     | Reached *** piety under Qazlal
  9719 | D:11     | Killed a two-headed ogre
  9727 | D:11     | Found a staircase to the Lair.
 10401 | D:11     | Noticed a two-headed ogre
 10419 | D:11     | Killed a two-headed ogre
 10457 | D:11     | Slain by a manticore

Levels and vault maps discovered:
D:1:      nicolae_arrival_somewhat_less_tricky_arrival, layout_basic
D:2:      layout_loops_corners, okawaru_trees_1, roderic_lattice_a,
          minmay_shallow_snake_nest
D:3:      layout_rooms, chequers_ecumenical_altar_island,
          nicolae_dithmenos_shadow_blocks
D:4:      layout_basic, elyvilon_altar_4, minmay_temple_entry_ruins,
          first_ration
D:5:      cheibrodos_quashed, layout_rooms, serial_rivers,
          chequers_serial_rivers_micro_a, chequers_serial_rivers_small_a,
          chequers_serial_rivers_small_a, chequers_serial_rivers_large_a,
          chequers_serial_rivers_small_3, chequers_serial_rivers_room_a,
          uniq_duvessa
D:6:      layout_loops_cross, slow_altar_2, nicolae_gozag_seed_capital,
          bloody_makhleb
D:7:      layout_cave_pools, serial_shops, shop
D:8:      layout_basic, xom_teletrap_fun, nicolae_overflow_crystal_walls
D:9:      layout_cave_pods, old_standard_altar, orc_david_3,
          ebering_ghost_disaster_area, hangedman_pestilent_swarm,
          jmf_multi_god_temple2
D:10:     layout_roguey, serial_glass, glass_columns_a, glass_columns_b,
          item_on_display_a, item_on_display_a, minmay_strange_pillars,
          feat_on_display, hangedman_decor_lopped, minivault_19,
          serial_park_tiny_1
D:11:     layout_rooms, lair_entry_dummy, serial_shops, shop,
          minmay_misc_feat_pillars
Temple:   cyrus_circular_temple

Skill      XL: |  1  2  3  4  5  6  7  8  9 10 11 |
---------------+----------------------------------+-----
Fighting       | 2 3 4 5 6 7 |  7.1
Dodging        | 2 3 4 5 6 7 |  7.2
Stealth        | 1 2 |  2.6
Unarmed Combat | 4 5 6 8 9 |  9.8
Spellcasting   | 3 4 5 6 |  6.3
Transmutations | 3 4 5 6 |  6.3
Ice Magic      | 1 3 5 6 |  6.7
Long Blades    | 2 3 4 |  4.7
Conjurations   | 1 |  1.9
Invocations    | 1 |  1.9
Evocations     | 2 |  2.0
Poison Magic   | |  0.7

Action                   |  1- 3 |  4- 6 |  7- 9 | 10-12 || total
-------------------------+-------+-------+-------+-------++-------
Melee: Unarmed           |   130 |   228 |   367 |   281 ||  1006
       Tailslap          |    14 |    25 |    29 |    22 ||    90
       Headbutt          |     2 |    19 |    16 |     6 ||    43
       Punch             |       |     3 |    10 |     6 ||    19
       Long sword        |       |       |     8 |       ||     8
 Cast: Beastly Appendage |     9 |    19 |    15 |     6 ||    49
       Sticks to Snakes  |     1 |     6 |       |     5 ||    12
       Spider Form       |     1 |     2 |     5 |       ||     8
       Ice Form          |       |       |     6 |    12 ||    18
       Iskenderun's Myst |       |       |       |     1 ||     1
 Abil: Breathe Frost     |       |       |     8 |     1 ||     9
Evoke: Wand              |       |       |       |     2 ||     2
  Use: Scroll            |     3 |     5 |     3 |     3 ||    14
       Potion            |       |     4 |     1 |     4 ||     9
 Stab: Sleeping          |     1 |     5 |     1 |       ||     7
  Eat: Chunk             |     1 |     8 |    16 |     7 ||    32
       Ration            |       |       |       |     2 ||     2
Armor: Skin              |    58 |    66 |    88 |    53 ||   265
Dodge: Dodged            |   116 |   163 |   289 |   174 ||   742
Block: Other             |       |       |     3 |    22 ||    25
       Rpst.: Unarmed    |       |       |    15 |    21 ||    36
       Long sword        |       |       |     4 |       ||     4

Table legend:
 A = Non-vault XP
 B = Vault XP
 C = Vault XP percentage of total XP
 D = Non-vault monster count
 E = Vault monster count
 F = Vault count percentage of total count
                 A         B        C        D         E       F
            +---------+---------+-------+---------+---------+-------
      Total |   14356 |    2887 |  16.7 |     264 |      23 |   8.0
            +---------+---------+-------+---------+---------+-------
        D:1 |      38 |       0 |   0.0 |      19 |       0 |   0.0
        D:2 |     116 |      24 |  17.1 |      30 |       8 |  21.1
        D:3 |     168 |       0 |   0.0 |      36 |       0 |   0.0
        D:4 |     463 |       0 |   0.0 |      17 |       0 |   0.0
        D:5 |     273 |     226 |  45.3 |      18 |       2 |  10.0
        D:6 |    1084 |      39 |   3.5 |      21 |       1 |   4.5
        D:7 |     635 |       0 |   0.0 |       9 |       0 |   0.0
        D:8 |    1036 |       0 |   0.0 |      31 |       0 |   0.0
        D:9 |    1549 |    2598 |  62.6 |      32 |      12 |  27.3
       D:10 |    4469 |       0 |   0.0 |      26 |       0 |   0.0
       D:11 |    4525 |       0 |   0.0 |      25 |       0 |   0.0
            +---------+---------+-------+---------+---------+-------
